 Dungeon Crawl Stone Soup version 0.22-a0-877-g5c4e1afb51 (webtiles) character file.

25 Htamos the Stinger (level 3, 0/30 HPs)
             Began as a Naga Venom Mage on July 29, 2018.
             Slain by a leopard gecko (4 damage)
             ... on level 1 of the Dungeon.
             The game lasted 00:02:12 (580 turns).

Htamos the Stinger (Naga Venom Mage)                 Turns: 580, Time: 00:02:13

Health: 0/30       AC:  2    Str: 10    XL:     3   Next: 4%
Magic:  6/6        EV:  9    Int: 16    God:
Gold:   8          SH:  0    Dex: 11    Spells: 3/6 levels left

rFire    . . .     SeeInvis +   d - +0 dagger
rCold    . . .     Gourm    .   (no shield)
rNeg     . . .     Faith    .   i - +0 leather armour
rPois    +         Spirit   .   (no helmet)
rElec    .         Reflect  .   (no cloak)
rCorr    .         Harm     .   (no gloves)
MR       .....                  (no barding)
Stlth    +.........             (no amulet)
HPRegen  0.10/turn              (no ring)
MPRegen  0.10/turn              (no ring)

@: confused, very slightly contaminated, very slow
A: large, see invisible, deformed body, poison resistance, slowness 2, slow
metabolism 1, spit poison 1, AC +1
a: Spit Poison


You were on level 1 of the Dungeon.
You were not hungry.

You visited 1 branch of the dungeon, and saw 1 of its levels.

You collected 8 gold pieces.

Inventory:

Hand Weapons
 d - a +0 dagger (weapon)
Missiles
 j - 32 stones (quivered)
 k - 10 poisoned needles
Armour
 a - a +0 robe
 i - a +0 leather armour (worn)
Jewellery
 f - an uncursed ring of flight {unknown}
Scrolls
 g - a scroll of noise {unknown}
 h - a scroll of identify {unknown}
Comestibles
 b - 3 chunks of flesh
 c - 3 rations


   Skills:
 + Level 0.9 Fighting
 + Level 1.7 Dodging
 + Level 3.3 Stealth
 + Level 2.3 Spellcasting
 + Level 1.2 Conjurations
 + Level 4.3 Poison Magic


You had 3 spell levels left.
You knew the following spells:

 Your Spells              Type           Power        Failure   Level  Hunger
a - Sting                 Conj/Pois      ##..         9%          1    #......
b - Poisonous Vapours     Pois/Air       #.....       17%         2    ###....

Your spell library contained the following spells:

 Spells                   Type           Power        Failure   Level  Hunger
 Mephitic Cloud           Conj/Pois/Air  #.......     36%         3    ###....
 Venom Bolt               Conj/Pois      ##........   94%         5    ######.
 Olgreb's Toxic Radiance  Pois           ###.....     43%         4    #####..


Dungeon Overview and Level Annotations

Branches:
Dungeon (1/15)

Altars:


Innate Abilities, Weirdness & Mutations

You cannot wear boots.
Your serpentine skin is tough. (AC +1)
You have supernaturally acute eyesight. (SInv)
Armour fits poorly on your strangely shaped body.
Your system is resistant to poisons. (rPois)
You cover ground very slowly.
You have a slow metabolism.
You can spit poison.


Message History

The leopard gecko is heavily wounded.
The leopard gecko barely misses you.
Casting: Sting (safe; 9% risk of failure)
Confirm with . or Enter, or press ? or * to list all spells.
Aiming: Sting (safe; 9% risk of failure)
Press: ? - help, Shift-Dir - straight line, f/p - leopard gecko
Aim: a leopard gecko (heavily wounded, poisoned)
You miscast Sting.
Nothing appears to happen.
The leopard gecko bites you but does no damage.
Casting: Sting (safe; 9% risk of failure)
Confirm with . or Enter, or press ? or * to list all spells.
Aiming: Sting (safe; 9% risk of failure)
Press: ? - help, Shift-Dir - straight line, f/p - leopard gecko
Aim: a leopard gecko (heavily wounded, poisoned)
The sting misses the leopard gecko.
The leopard gecko bites you.
* * * LOW HITPOINT WARNING * * *
You are confused.
You feel invigorated. The leopard gecko barely misses you.
The leopard gecko bites you.
You die...

###....###.#
#....## #....# #.#
##..## #....###.##
#..#
#......#..#######.
#..............
####....#..###
###..# ..###
#(.###.... #.@...#
#)l†$.# #.........
##........
.........
......... .
.......... .
.......... .
....#.#.... .


You could see a leopard gecko.

Vanquished Creatures
  An ooze (D:1)
  A dart slug (D:1)
  2 bats (D:1)
  A giant cockroach (D:1)
  2 goblins (D:1)
  3 hobgoblins (D:1)
  3 frilled lizards (D:1)
  5 kobolds (D:1)
  2 rats (D:1)
20 creatures vanquished.

Notes
Turn   | Place    | Note
-------+----------+-------------------------------------------
     0 | D:1      | Htamos the Naga Venom Mage began the quest for the Orb.
     0 | D:1      | Reached XP level 1. HP: 15/15 MP: 3/3
   157 | D:1      | Reached XP level 2. HP: 23/24 MP: 0/5
   530 | D:1      | Learned a level 2 spell: Poisonous Vapours
   560 | D:1      | Reached XP level 3. HP: 19/30 MP: 0/6
   579 | D:1      | HP: 1/30 [leopard gecko (3)]
   580 | D:1      | Slain by a leopard gecko

Vault maps used:
D:1:      mrwooster_arrival_statue_3

Action                   || total
-------------------------++-------
Melee: Dagger            ||    36
Throw: Stone             ||     1
 Cast: Sting             ||    31
 Abil: Spit Poison       ||     1
  Use: Potion            ||     2
Armor: Leather armour    ||     7
       Robe              ||     2
Dodge: Dodged            ||    21

Table legend:
 A = Spawn XP
 B = Non-spawn XP
 C = Spawn XP percentage of total XP
 D = Spawn monster count
 E = Non-spawn monster count
 F = Spawn count percentage of total count
 G = Total turns spent on level
                    A         B        C        D         E        F      G
               +---------+---------+-------+---------+---------+-------+---------
         Total |       0 |      36 |   0.0 |       0 |      20 |   0.0 |   580
               +---------+---------+-------+---------+---------+-------+---------
           D:1 |       0 |      36 |   0.0 |       0 |      20 |   0.0 |   580
               +---------+---------+-------+---------+---------+-------+---------
